 Dungeon Crawl Stone Soup version 0.25.1-2-g60ff931df9 (webtiles) character file.

Game seed: 4611275600855545200

976 DearestLeader the Chopper (level 7, -5/52 HPs)
             Began as a Demonspawn Abyssal Knight on Oct 4, 2020.
             Was a Priest of Lugonu.
             Slain by an orc warrior
             ... wielding a +1 vampiric glaive
              (14 damage)
             ... on level 6 of the Dungeon.
             The game lasted 00:07:52 (5195 turns).

DearestLeader the Chopper (DsAK)                    Turns: 5195, Time: 00:07:52

Health: -5/52      AC:  9    Str: 14    XL:     7   Next: 95%
Magic:  10/10      EV:  6    Int: 13    God:    Lugonu [***...]
Gold:   276        SH:  0    Dex: 13    Spells: 6/6 levels left

rFire    . . .     SeeInvis .   e - +3 short sword (freeze)
rCold    + . .     Gourm    .   (no shield)
rNeg     . . .     Faith    +   E - +0 chain mail
rPois    .         Spirit   .   (helmet restricted)
rElec    .         Reflect  .   (no cloak)
rCorr    .         Harm     .   (no gloves)
MR       .....                  (no boots)
Stlth    ..........             r - amulet of faith
HPRegen  0.17/turn              o - ring of protection from cold
MPRegen  0.12/turn              (no ring)

@: brilliant
A: horns 1, talons 2, nightstalker 1, powered by death 1
a: Depart the Abyss, Bend Space, Banish, Renounce Religion


You were on level 6 of the Dungeon.
You worshipped Lugonu.
Lugonu was most pleased with you.
You were not hungry.

You visited 1 branch of the dungeon, and saw 6 of its levels.
You visited the Abyss 1 time.

You collected 276 gold pieces.

Inventory:

Hand Weapons
 a - a +1 hand axe
 e - a +3 short sword of freezing (weapon)
 D - a +0 morningstar
Missiles
 F - 2 javelins (quivered)
Armour
 v - a +0 scale mail
 E - a +0 chain mail (worn)
Jewellery
 o - a ring of protection from cold (left hand)
 r - an amulet of faith (around neck)
Wands
 y - a wand of random effects (23)
 G - a wand of enslavement (5)
Scrolls
 d - a scroll of identify {unknown}
 f - 2 scrolls of fog {unknown}
 g - 3 scrolls of fear {unknown}
 h - 3 scrolls of enchant weapon
 i - 2 scrolls of remove curse {unknown}
 j - 3 scrolls of enchant armour {unknown}
 l - 3 scrolls of teleportation {unknown}
 p - a scroll of immolation {unknown}
 q - a scroll of magic mapping {unknown}
 s - a scroll of noise {unknown}
 z - a scroll of random uselessness {unknown}
Potions
 b - a potion of heal wounds {unknown}
 k - a potion of might
 m - a potion of flight {unknown}
 n - a potion of stabbing {unknown}
 t - a potion of haste {unknown}
 w - 2 potions of curing
 x - a potion of mutation {unknown}
 A - a potion of lignification {unknown}
 B - a potion of degeneration {unknown}
Comestibles
 c - 15 rations


   Skills:
 - Level 3.0 Fighting
 * Level 7.3 Axes
 + Level 3.5 Armour
 - Level 1.2 Dodging
 + Level 4.6 Invocations


You had 6 spell levels left.
You didn't know any spells.
Your spell library contained the following spells:

 Spells                   Type           Power        Failure   Level  Hunger
 Magic Dart               Conj           #...         100%        1    None
 Summon Small Mammal      Summ           #...         100%        1    None
 Call Imp                 Summ           #.......     100%        2    None
 Searing Ray              Conj           #.....       100%        2    None
 Call Canine Familiar     Summ           #.......     100%        3    None
 Dazzling Flash           Conj/Hex       #.....       100%        3    None
 Summon Guardian Golem    Hex/Summ       #.......     100%        3    None
 Fulminant Prism          Conj/Hex       #.........   100%        4    None
 Iskenderun's Mystic Bla  Conj/Tloc      #.......     100%        4    None
 Summon Ice Beast         Ice/Summ       #.......     100%        4    None
 Summon Lightning Spire   Summ/Air       #.......     100%        4    None


Dungeon Overview and Level Annotations

Branches:
Dungeon (6/15)             Temple (0/1) D:5

Altars:
Cheibriados
Dithmenos
Nemelex Xobeh
Ru
Trog
Uskayaw
Xom
The Shining One

Shops:
D:5 }


Innate Abilities, Weirdness & Mutations

You have a pair of small horns on your head.
You have razor-sharp toenails.
You are slightly more attuned to the shadows.
You regenerate a little health from kills.


Message History

It was a potion of brilliance.
You feel clever all of a sudden.
The orc wizard mumbles some strange words.
The orc wizard blinks!
It was a potion of curing.
You feel better.
The orc warrior hits you with a +1 vampiric glaive!!
* * * LOW HITPOINT WARNING * * *
The orc warrior draws strength from your wounds!
You hit the orc warrior. You freeze the orc warrior.
You headbutt the orc warrior, but do no damage.
The orc warrior is severely wounded.
The orc warrior hits you with a +1 vampiric glaive.
* * * LOW HITPOINT WARNING * * *
The orc wizard casts a spell.
The orc wizard blinks!
Press: ? - help, Shift-Dir - straight line, f - orc warrior
Aim: an orc warrior, wielding a +1 vampiric glaive and wearing a +0 chain mail (severely wounded, chance to defeat MR: 83%)
You fail to use your ability.
The orc warrior hits you with a +1 vampiric glaive!
You die...

##### ... #.#
##.####
.#####.#####.....##
...ยง..oo@..#......#
...###Z###.#.._...#
. #.# #.#......#
#.###.#......#
..............#
######...######
###.# #.# ###>#


You could see an orc warrior, an orc and a centaur skeleton.

Vanquished Creatures
  A hungry ghost (D:3)
  Duvessa (D:5)
  2 ogres (D:4)
  Dowan (D:5)
  A howler monkey (D:5)
  3 crimson imps (D:5)
  A jelly (D:5)
  2 orc priests
  2 hounds (D:4)
  A bullfrog skeleton (D:4)
  An orc wizard (D:5)
  A hound zombie (D:5)
  Robin (D:3)
  4 adders
  A shadow imp (D:5)
  5 worms
  2 dart slugs
  3 leopard geckos
  12 orcs
  2 giant cockroaches (D:2)
  12 goblins
  4 hobgoblins
  4 jackals (D:1)
  5 quokkas
  4 bats
  4 frilled lizards
  2 jackal skeletons
  14 kobolds
  3 rats
99 creatures vanquished.

Notes
Turn   | Place    | Note
-------+----------+-------------------------------------------
     0 | Abyss:1  | DearestLeader the Demonspawn Abyssal Knight began the quest
                  | for the Orb.
     0 | Abyss:1  | Reached XP level 1. HP: 18/18 MP: 2/2
     5 | Abyss:1  | Found a corrupted altar of Lugonu.
    41 | Abyss:1  | Noticed a hellwing
    50 | D:1      | Escaped the Abyss
   164 | D:1      | Reached skill level 2 in Axes
   398 | D:1      | Gained mutation: You regenerate a little health from kills.
                  | [demonic ancestry]
   398 | D:1      | Reached XP level 2. HP: 14/24 MP: 3/3
  1034 | D:2      | Reached ** piety under Lugonu
  1034 | D:2      | Reached skill level 3 in Axes
  1147 | D:2      | Gained mutation: You have a pair of small horns on your
                  | head. [demonic ancestry]
  1147 | D:2      | Reached XP level 3. HP: 29/29 MP: 4/4
  1916 | D:2      | Reached skill level 4 in Axes
  1916 | D:2      | Gained mutation: You are slightly more attuned to the
                  | shadows. [demonic ancestry]
  1916 | D:2      | Reached XP level 4. HP: 33/35 MP: 5/5
  1981 | D:3      | Noticed Robin
  2000 | D:3      | Killed Robin
  2209 | D:3      | Found a shimmering altar of Xom.
  2210 | D:3      | Found a shimmering altar of Xom.
  2210 | D:3      | Found a shimmering altar of Xom.
  2211 | D:3      | Found a shimmering altar of Xom.
  2317 | D:3      | Reached XP level 5. HP: 31/41 MP: 6/6
  2472 | D:3      | Noticed a hungry ghost
  2502 | D:3      | Killed a hungry ghost
  2502 | D:3      | Reached skill level 5 in Axes
  2504 | D:3      | Reached *** piety under Lugonu
  2780 | D:4      | Gained mutation: You have sharp toenails. [demonic
                  | ancestry]
  2780 | D:4      | Reached XP level 6. HP: 47/47 MP: 7/7
  2814 | D:4      | Reached skill level 6 in Axes
  2814 | D:4      | Reached skill level 1 in Dodging
  3447 | D:4      | Found a snail-covered altar of Cheibriados.
  3720 | D:4      | Gained mutation: You have razor-sharp toenails. [demonic
                  | ancestry]
  3720 | D:4      | Reached XP level 7. HP: 49/52 MP: 9/9
  4038 | D:5      | Entered Level 5 of the Dungeon
  4038 | D:5      | Found a bloodstained altar of Trog.
  4039 | D:5      | Found a hide-covered altar of Uskayaw.
  4366 | D:5      | Found a staircase to the Ecumenical Temple.
  4402 | D:5      | Found a shadowy altar of Dithmenos.
  4403 | D:5      | Found a sacrificial altar of Ru.
  4404 | D:5      | Found a glowing golden altar of the Shining One.
  4475 | D:5      | Reached skill level 7 in Axes
  4766 | D:5      | Found Onaoh's Gadget Shoppe.
  4833 | D:5      | Noticed Duvessa
  4833 | D:5      | Noticed Dowan
  4861 | D:5      | Killed Duvessa
  4869 | D:5      | Killed Dowan
  5165 | D:6      | Found a sparkling altar of Nemelex Xobeh.
  5195 | D:6      | Slain by an orc warrior

Illustrated notes

Levels and vault maps discovered:
D:1:      minmay_arrival_four_houses, layout_basic
D:2:      layout_loops_corners
D:3:      layout_rooms, xom_redecorated, first_ration, uniq_robin
D:4:      layout_gridville, kennysheep_mini_moat, moated_statue
D:5:      layout_cave_pods, eat_drink_and_be_merry_uskayaw,
          chequers_temple_overflow_statue_of_worship,
          minmay_temple_entry_butterflies, serial_shops, kennysheep_mini,
          basic_altar, minivault_23, uniq_duvessa
D:6:      layout_loops_corners, basic_altar, minmay_alternating_orb

Skill      XL: |  1  2  3  4  5  6  7 |
---------------+----------------------+-----
Axes           | 2 3 4 5 6 7 |  7.3
Armour         | 2 3 |  3.5
Dodging        | 1 |  1.2
Invocations    | 3 4 |  4.6
Fighting       | |  3.0

Action                   |  1- 3 |  4- 6 |  7- 9 || total
-------------------------+-------+-------+-------++-------
Melee: Short sword       |    94 |   128 |   126 ||   348
       Hand axe          |    11 |       |       ||    11
       Headbutt          |     3 |    15 |    17 ||    35
       Kick              |       |    13 |    28 ||    41
  Use: Scroll            |     1 |       |       ||     1
       Potion            |       |       |     3 ||     3
  Eat: Chunk             |     3 |     4 |     5 ||    12
       Ration            |       |     3 |       ||     3
Armor: Leather armour    |    27 |       |       ||    27
       Scale mail        |     9 |    51 |    29 ||    89
       Chain mail        |       |       |    37 ||    37
Dodge: Dodged            |    60 |    45 |    57 ||   162
